 Dungeon Crawl Stone Soup version 0.29.1-12-g30fa7ad0bf (webtiles) character file.

Game seed: 3798774963384169326

1248 MisterFreud the Basher (level 8, -5/58 HPs)
             Began as a Gnoll Wanderer on Dec 18, 2022.
             Was an Elder of Sif Muna.
             Killed by divine providence
             ... invoked by an orc priest
              (13 damage)
             ... on level 5 of the Dungeon.
             The game lasted 00:12:16 (5070 turns).

MisterFreud the Basher (Gnoll Wanderer)             Turns: 5070, Time: 00:12:17

Health: -5/58      AC:  7    Str: 14    XL:     8   Next: 50%
Magic:  20/20      EV: 11    Int: 15    God:    Sif Muna [****..]
Gold:   244        SH:  0    Dex:  8    Spells: 23/23 levels left

rFire   + . .      SeeInvis .   a - +0 mace (spect)
rCold   . . .      Faith    .   (no shield)
rNeg    . . .      Spirit   .   b - +0 ring mail
rPois   .          Reflect  .   (no helmet)
rElec   .          Harm     .   (no cloak)
rCorr   .          Rampage  .   s - +0 pair of gloves
Will    .....                   (no boots)
Stlth   +.........              h - amulet of regeneration
HPRegen 0.99/turn               w - ring of protection from fire
MPRegen 0.17/turn               (no ring)

@: no status effects
A: fangs 1, strong nose, distributed training
a: Renounce Religion, Channel Magic, Forget Spell, Divine Exegesis


You were on level 5 of the Dungeon.
You worshipped Sif Muna.
Sif Muna was greatly pleased with you.
You visited 1 branch of the dungeon, and saw 5 of its levels.
You also visited: Sewer and Ossuary.

You collected 244 gold pieces.

Inventory:

Hand Weapons
 a - a +0 spectral mace (weapon)
Missiles
 d - 11 poisoned darts (quivered)
 k - 6 boomerangs
 t - a curare-tipped dart
Armour
 b - a +0 ring mail (worn)
 s - a +0 pair of gloves (worn)
Jewellery
 h - an amulet of regeneration (around neck)
 w - a ring of protection from fire (left hand)
Scrolls
 l - a scroll of silence
 m - 2 scrolls of magic mapping {unknown}
 n - a scroll of teleportation {unknown}
 r - 2 scrolls of acquirement {unknown}
 u - a scroll of butterflies
 y - a scroll of immolation {unknown}
Potions
 e - a potion of attraction
 f - 2 potions of mutation
 g - 3 potions of brilliance
 i - 2 potions of might
 j - a potion of resistance
 o - a potion of ambrosia {unknown}
 p - a potion of magic {unknown}
 q - 2 potions of curing {unknown}
 v - a potion of lignification {unknown}
 x - a potion of flight {unknown}


   Skills:
 + Level 3.4 Fighting
 + Level 3.4 Short Blades
 + Level 3.4 Long Blades
 + Level 3.4 Axes
 + Level 9.2 Maces & Flails
 + Level 3.4 Polearms
 + Level 3.4 Staves
 + Level 3.4 Ranged Weapons
 + Level 3.4 Throwing
 + Level 5.8 Armour
 + Level 3.4 Dodging
 + Level 3.4 Stealth
 + Level 3.4 Shields
 + Level 3.4 Unarmed Combat
 + Level 8.0 Spellcasting
 + Level 2.8 Conjurations
 + Level 2.8 Hexes
 + Level 2.8 Summonings
 + Level 2.8 Necromancy
 + Level 2.8 Translocations
 + Level 2.8 Transmutations
 + Level 2.8 Fire Magic
 + Level 2.8 Ice Magic
 + Level 2.8 Air Magic
 + Level 2.8 Earth Magic
 + Level 2.8 Poison Magic
 + Level 3.8 Invocations
 + Level 3.4 Evocations


You had 23 spell levels left.
You didn't know any spells.
Your spell library contained the following spells:

 Spells                   Type           Power      Damage    Failure   Level
 Foxfire                  Conj/Fire      56%        2x1d6     7%          1
 Summon Small Mammal      Summ           56%        N/A       7%          1
 Frozen Ramparts          Ice            28%        1d5       22%         3
 Ignite Poison            Fire/Tmut/Pois 14%        N/A       22%         3


Dungeon Overview and Level Annotations

Branches:
Dungeon (5/15)              Sewer (visited)         Ossuary (visited)
 Temple: D:4-7

Altars:
Ashenzari
Ru
Sif Muna
The Shining One

Shops:
D:5 [


Innate Abilities, Weirdness & Mutations

You have very sharp teeth.
Your uncanny sense of smell can sniff out nearby items.
Your experience applies equally to all skills.


Message History

The orc priest barely misses you.
The orc priest attacks as you move away!
The orc priest hits you but does no damage.
You completely miss the orc priest.
You bite the orc priest, but do no damage.
The orc priest hits you but does no damage.
You barely miss the orc priest.
You bite the orc priest, but do no damage.
The gnoll sergeant hits you from afar with a +0 spear.
The orc priest hits you with a +0 short sword.
You hit the orc priest.
The orc priest is moderately wounded.
The orc priest mumbles some strange prayers to Beogh against you.
Beogh smites you!
* * * LOW HITPOINT WARNING * * *
The gnoll sergeant closely misses you.
The orc priest attacks as you move away!
The orc priest hits you but does no damage.
You feel much better.
The orc priest mumbles some strange prayers to Beogh against you.
Beogh smites you!
The orc priest mumbles some strange prayers to Beogh against you.
You struggle to resist.
The orc priest mumbles some strange prayers to Beogh against you.
Beogh smites you!
* * * LOW HITPOINT WARNING * * *
The orc priest completely misses you.
You hit the orc priest.
The orc priest is heavily wounded.
Your +0 spectral mace hits the orc priest.
The gnoll sergeant barely misses you.
The orc priest hits you but does no damage.
You hit the orc priest.
You kill the orc priest!
Sif Muna accepts your kill.
The gnoll sergeant hits you from afar with a +0 spear!
* * * LOW HITPOINT WARNING * * *
The orc priest calls down the wrath of Beogh upon you.
Beogh smites you!
You die...

#..g)..# # ###o#### #
#o# # #.# #.# # #g#
#.# # #)##### #.# #
#g....# #.# # #.###.#
#.# # #@#
#.######.#####
#####.###.#...........
#.....................
#.###############<####
#.# ##......##.....###
#.###...##...####.....
#.##..##~##...###...##
#....#######..⌠##...#
#....#######..∩#....#


You could see a gnoll sergeant, an orc priest, a gnoll and an orc.

Vanquished Creatures
  2 ogres
  A phantom (D:3)
  A kobold brigand (Sewer)
  A necrophage (D:5)
  A scorpion (D:5)
  2 water moccasin zombies (Ossuary)
  3 hounds
  3 orc priests
  4 iguanas (D:5)
  Jessica (D:2)
  3 orc wizards
  2 mummies (Ossuary)
  7 adders
  3 gnolls (D:5)
  6 river rats (Sewer)
  8 adder zombies (Ossuary)
  6 worms
  A dart slug (D:4)
  4 orcs (D:4)
  5 bats
  9 endoplasms
  3 giant cockroaches
  6 gnoll zombies (Ossuary)
  4 goblins
  4 hobgoblins
  8 jackals
  2 quokkas
  10 ball pythons
  5 frilled lizards
  6 hobgoblin zombies (Ossuary)
  11 kobolds
  4 kobold zombies (Ossuary)
  6 rats
142 creatures vanquished.

Vanquished Creatures (others)
  3 plants (Sewer)
3 creatures vanquished.

Grand Total: 145 creatures vanquished

Notes
Turn   | Place    | Note
-------+----------+-------------------------------------------
     0 | D:1      | MisterFreud the Gnoll Wanderer began the quest for the Orb.
     0 | D:1      | MisterFreud set off with the following items: a +0 mace, a
                  | +0 ring mail, a potion of heal wounds; and the following
                  | spells available to memorise: Foxfire, Summon Small Mammal,
                  | Frozen Ramparts, Ignite Poison.
     0 | D:1      | Reached XP level 1. HP: 13/13 MP: 8/8
   167 | D:1      | Reached XP level 2. HP: 11/19 MP: 10/10
   534 | D:1      | HP: 1/20 [quokka (3)]
  1336 | D:2      | Reached XP level 3. HP: 7/25 MP: 11/11
  1623 | D:2      | Reached skill level 1 in Invocations
  2003 | D:2      | Reached skill level 1 in Fighting
  2003 | D:2      | Reached skill level 1 in Short Blades
  2003 | D:2      | Reached skill level 1 in Long Blades
  2003 | D:2      | Reached skill level 1 in Axes
  2003 | D:2      | Reached skill level 1 in Polearms
  2003 | D:2      | Reached skill level 1 in Staves
  2003 | D:2      | Reached skill level 1 in Ranged Weapons
  2003 | D:2      | Reached skill level 1 in Throwing
  2003 | D:2      | Reached skill level 1 in Dodging
  2003 | D:2      | Reached skill level 1 in Stealth
  2003 | D:2      | Reached skill level 1 in Shields
  2003 | D:2      | Reached skill level 1 in Unarmed Combat
  2003 | D:2      | Reached skill level 1 in Evocations
  2013 | D:2      | Noticed Jessica
  2018 | D:2      | Killed Jessica
  2019 | D:2      | Reached XP level 4. HP: 31/32 MP: 13/13
  2211 | D:2      | Reached skill level 1 in Conjurations
  2211 | D:2      | Reached skill level 1 in Hexes
  2211 | D:2      | Reached skill level 1 in Summonings
  2211 | D:2      | Reached skill level 1 in Necromancy
  2211 | D:2      | Reached skill level 1 in Translocations
  2211 | D:2      | Reached skill level 1 in Transmutations
  2211 | D:2      | Reached skill level 1 in Fire Magic
  2211 | D:2      | Reached skill level 1 in Ice Magic
  2211 | D:2      | Reached skill level 1 in Air Magic
  2211 | D:2      | Reached skill level 1 in Earth Magic
  2211 | D:2      | Reached skill level 1 in Poison Magic
  2291 | D:2      | Found a faded altar of an unknown god.
  2310 | D:2      | Prayed at the altar of an unknown god.
  2310 | D:2      | Became a worshipper of Sif Muna the Loreminder
  2310 | D:2      | Reached * piety under Sif Muna
  2505 | D:3      | Noticed a phantom
  2519 | D:3      | Killed a phantom
  2520 | D:3      | Reached XP level 5. HP: 37/37 MP: 14/14
  3236 | D:4      | Reached ** piety under Sif Muna
  3239 | D:4      | Found a sand-covered staircase.
  3244 | Ossuary  | Entered an ossuary
  3282 | Ossuary  | Reached skill level 5 in Armour
  3282 | Ossuary  | Reached XP level 6. HP: 44/44 MP: 16/16
  3443 | D:4      | Reached XP level 7. HP: 50/50 MP: 18/18
  3599 | D:4      | Found a sacrificial altar of Ru.
  3615 | D:4      | Found a glowing drain.
  3622 | Sewer    | Entered a sewer
  3731 | Sewer    | Reached *** piety under Sif Muna
  3838 | Sewer    | Reached skill level 9 in Maces & Flails
  4501 | D:4      | Found a glowing golden altar of the Shining One.
  4574 | D:5      | Entered Level 5 of the Dungeon
  4589 | D:5      | Reached XP level 8. HP: 39/58 MP: 19/19
  4629 | D:5      | Reached **** piety under Sif Muna
  4637 | D:5      | Found a broken altar of Ashenzari.
  4925 | D:5      | Found Lancelot's Dragon-Slaying Spoils.
  5070 | D:5      | Killed from afar by an orc priest

Illustrated notes

Levels and vault maps discovered:
D:1:      dpeg_arrival_shrine, layout_basic, reono_crystal_passage
D:2:      layout_rooms, hellmonk_ecumenical_altar_crossroads,
          hangedman_abyss_or_decor_lesser_grid, minmay_fountain_box,
          uniq_jessica
D:3:      layout_basic, chequers_serial_rivers_room_b
D:4:      layout_rooms, nicolae_ru_the_path_less_chosen,
          mainiacjoe_overflow_concentric_impassable,
          cheibrodos_sewer_entry_sluice, enter_ossuary_5
D:5:      kennysheep_six_static_rooms, layout_loops_ring,
          mainiacjoe_overflow_small_starburst, nicolae_shop_dragon_depot,
          nicolae_elemental_shop, columned_hall_lemuel, corexii_corridor_pit,
          kennysheep_generic_room_11

Skill      XL: |  1  2  3  4  5  6  7  8 |
---------------+-------------------------+-----
Invocations    | 1 2 3 |  3.8
Fighting       | 1 2 3 |  3.4
Short Blades   | 1 2 3 |  3.4
Long Blades    | 1 2 3 |  3.4
Axes           | 1 2 3 |  3.4
Polearms       | 1 2 3 |  3.4
Staves         | 1 2 3 |  3.4
Ranged Weapons | 1 2 3 |  3.4
Throwing       | 1 2 3 |  3.4
Dodging        | 1 2 3 |  3.4
Stealth        | 1 2 3 |  3.4
Shields        | 1 2 3 |  3.4
Unarmed Combat | 1 2 3 |  3.4
Evocations     | 1 2 3 |  3.4
Conjurations   | 1 2 |  2.8
Hexes          | 1 2 |  2.8
Summonings     | 1 2 |  2.8
Necromancy     | 1 2 |  2.8
Translocations | 1 2 |  2.8
Transmutations | 1 2 |  2.8
Fire Magic     | 1 2 |  2.8
Ice Magic      | 1 2 |  2.8
Air Magic      | 1 2 |  2.8
Earth Magic    | 1 2 |  2.8
Poison Magic   | 1 2 |  2.8
Armour         | 5 |  5.8
Maces & Flails | 9 |  9.2
Spellcasting   | 8 |  8.0

Action                   |  1- 3 |  4- 6 |  7- 9 || total
-------------------------+-------+-------+-------++-------
Melee: Mace              |   116 |   180 |   175 ||   471
       Bite              |     7 |    19 |    15 ||    41
       Punch             |     2 |     3 |     3 ||     8
  Use: Scroll            |     7 |     3 |     1 ||    11
       Potion            |       |       |     1 ||     1
 Stab: Distracted        |       |     3 |     1 ||     4
       Sleeping          |       |       |     1 ||     1
Armor: Ring mail         |    52 |    68 |    47 ||   167
Dodge: Dodged            |    63 |    98 |    91 ||   252
